 Seeded DCSS version 0.24.0 (webtiles) character file.

Game seed: 872665457973127504, levelgen mode: deterministic

115 Faels the Skirmisher (level 4, -4/37 HPs)
             Began as a Demonspawn Fighter on Feb 14, 2020.
             Slain by Grinder (6 damage)
             ... on level 3 of the Dungeon.
             The game lasted 00:05:03 (2280 turns).

Faels the Skirmisher (Demonspawn Fighter)           Turns: 2280, Time: 00:05:04

Health: -4/37      AC:  7    Str: 19 (21) XL:     4   Next: 68%
Magic:  4/4        EV:  8    Int:  8 (9)  God:
Gold:   78         SH:  9    Dex: 12 (14) Spells: 3/3 levels left

rFire    . . .     SeeInvis .   a - +0 long sword
rCold    . . .     Gourm    .   c - +0 shield
rNeg     . . .     Faith    .   b - +0 scale mail
rPois    .         Spirit   .   (no helmet)
rElec    .         Reflect  .   t - +0 cloak
rCorr    .         Harm     .   (no gloves)
MR       .....                  (no boots)
Stlth    ..........             (no amulet)
HPRegen  0.12/turn              (no ring)
MPRegen  0.09/turn              (no ring)

@: mighty
A: powered by death 2
a: no special abilities


You were on level 3 of the Dungeon.
You were not hungry.

You visited 1 branch of the dungeon, and saw 3 of its levels.

You collected 78 gold pieces.

Inventory:

Hand Weapons
 a - a +0 long sword (weapon)
 k - a +1 dagger of draining
 m - a +2 mace of holy wrath
 p - a +2 dagger of flaming
Missiles
 i - 11 boomerangs (quivered)
Armour
 b - a +0 scale mail (worn)
 c - a +0 shield (worn)
 t - a +0 cloak (worn)
Scrolls
 e - 2 scrolls of identify {unknown}
 g - a scroll of amnesia {unknown}
 h - 2 scrolls of random uselessness {unknown}
 l - a scroll of blinking {unknown}
 n - a scroll of fog {unknown}
 q - 2 scrolls of remove curse {unknown}
Potions
 d - 2 potions of might
 j - a potion of heal wounds
 o - a potion of degeneration
 s - a potion of cancellation {unknown}
 u - a potion of invisibility {unknown}
 v - a potion of curing
Comestibles
 f - 4 rations
 r - 3 chunks of flesh


   Skills:
 + Level 3.8 Fighting
 * Level 3.3 Long Blades
 - Level 2.6 Armour
 + Level 1.7 Dodging
 - Level 2.6 Shields


You had 3 spell levels left.
You didn't know any spells.
Your spell library was empty.

Dungeon Overview and Level Annotations

Branches:
Dungeon (3/15)

Altars:
Fedhas

Annotations:
D:3 Grinder


Innate Abilities, Weirdness & Mutations

You regenerate health from kills.


Message History

Your shield and scale mail prevent you from hitting Grinder.
The rat bites you but does no damage. Grinder gestures at you.
Pain shoots through your body!
You hit Grinder.
Grinder is lightly wounded.
The rat barely misses you.
You riposte.
You completely miss the rat. You block Grinder's attack.
You block the rat's attack. Grinder gestures at you.
Pain shoots through your body!
* * * LOW HITPOINT WARNING * * *
Your shield and scale mail prevent you from hitting Grinder.
Grinder is lightly wounded.
You block the rat's attack. Grinder completely misses you.
You hit Grinder but do no damage.
Grinder is lightly wounded.
The rat bites you but does no damage. Grinder hits you.
* * * LOW HITPOINT WARNING * * *
You writhe in agony.
You die...

.......... ..
.#......... ...
.......... #####(#
#........ #.....#
##........ #.....###
#......... #..##...#
##........
#.#.#.r#....###.........
....!.5@._..............
#.#.###....#..#.........
#...##..#.........
###.....#.........
#.....#.........
#.#####......... #.#
##........ #.# ........
#.#


You could see Grinder and a rat.

Vanquished Creatures
  A hound (D:3)
  2 adders
  An ooze (D:2)
  3 worms (D:2)
  3 leopard geckos
  7 bats
  2 giant cockroaches
  9 goblins
  7 hobgoblins
  A ball python (D:1)
  7 frilled lizards
  5 kobolds
  7 rats
55 creatures vanquished.

Notes
Turn   | Place    | Note
-------+----------+-------------------------------------------
     0 | D:1      | Faels the Demonspawn Fighter began the quest for the Orb.
     0 | D:1      | Reached XP level 1. HP: 18/18 MP: 1/1
    67 | D:1      | Gained mutation: You regenerate a little health from kills.
                  | [demonic ancestry]
    67 | D:1      | Reached XP level 2. HP: 24/24 MP: 2/2
   378 | D:1      | Reached skill level 1 in Dodging
   654 | D:1      | Reached XP level 3. HP: 29/29 MP: 3/3
  1912 | D:2      | Gained mutation: You regenerate health from kills. [demonic
                  | ancestry]
  1912 | D:2      | Reached XP level 4. HP: 35/35 MP: 4/4
  2265 | D:3      | Found a blossoming altar of Fedhas.
  2271 | D:3      | Noticed Grinder
  2280 | D:3      | Slain by Grinder

Levels and vault maps discovered:
D:1:      dpeg_arrival_stonehenge_8_columns, layout_loops_ring, chequers_avenue
D:2:      layout_basic
D:3:      layout_basic, nicolae_overflow_crystal_walls, zin_purify,
          serial_curves, eino_curves_02, eino_curves_04,
          chequers_ecumenical_altar_simple_redux, st_stairs_8, uniq_grinder,
          uniq_jessica
